 Dungeon Crawl Stone Soup version 0.29.1-2-gbd0b4ee654 (webtiles) character file.

Game seed: 647500468816258436

20 styxcanada the Sneak (level 2, -1/15 HPs)
             Began as a Spriggan Brigand on Oct 29, 2022.
             Killed from afar by Terence (16 damage)
             ... with a bolt of dispelling energy
             ... on level 2 of the Dungeon.
             The game lasted 00:04:34 (1039 turns).

styxcanada the Sneak (Spriggan Brigand)             Turns: 1039, Time: 00:04:34

Health: -1/15      AC:  3    Str:  7    XL:     2   Next: 58%
Magic:  3/3        EV: 15    Int: 12    God:
Gold:   159        SH:  7    Dex: 16    Spells: 1/1 levels left

rFire   . . .      SeeInvis +   a - +2 dagger
rCold   . . .      Faith    .   g - +2 buckler
rNeg    . . .      Spirit   .   b - +0 robe
rPois   .          Reflect  .   (helmet restricted)
rElec   .          Harm     .   c - +0 cloak
rCorr   .          Rampage  .   (gloves unavailable)
Will    .....                   (boots unavailable)
Stlth   +++.......              (no amulet)
HPRegen 0.05/turn               (no ring)
MPRegen 0.08/turn               (no ring)

@: very quick
A: very small, no large weapons, unfitting armour, see invisible, speed 3
a: no special abilities


You were on level 2 of the Dungeon.
You visited 1 branch of the dungeon, and saw 2 of its levels.

You collected 159 gold pieces.

Inventory:

Hand Weapons
 a - a +2 dagger (weapon)
Missiles
 d - 8 poisoned darts (quivered)
 e - 3 curare-tipped darts
 f - 20 stones
Armour
 b - a +0 robe (worn)
 c - a +0 cloak (worn)
 g - a +2 buckler (worn)
Scrolls
 h - a scroll of butterflies {unknown}
 i - a scroll of teleportation {unknown}
 j - a scroll of acquirement {unknown}


   Skills:
 * Level 1.6 Fighting
 + Level 2.2 Short Blades
 + Level 2.0 Throwing
 * Level 1.8 Dodging
 * Level 6.7 Stealth
 * Level 0.3 Shields


You had one spell level left.
You didn't know any spells.
Your spell library was empty.

Dungeon Overview and Level Annotations

Branches:
Dungeon (2/15)

Altars:

Annotations:
D:2 Terence


Innate Abilities, Weirdness & Mutations

You are very small and have problems with some larger weapons.
You are too small for most types of armour.
You have supernaturally acute eyesight. (SInv)
You cover ground extremely quickly. (Speed+++)


Message History

The worm looks even sicker.
Throw: 3 darts (poison)
Press: ? - help, Q - select action, (/) - cycle Shift-Dir - straight line, f/p - worm
Aim: a worm (very poisoned, 79% to hit)
You throw a poisoned dart. The poisoned dart hits the worm.
The worm looks as sick as possible!
A quokka comes into view.
Throw: 2 darts (poison)
Press: ? - help, Q - select action, (/) - cycle Shift-Dir - straight line, f/p - worm
Aim: a worm (moderately wounded, extremely poisoned, 79% to hit)
You throw a poisoned dart. The poisoned dart hits the worm.
The worm looks as sick as possible!
The worm is moderately wounded.
You hit the worm.
The worm is severely wounded.
You hit the worm.
You kill the worm!
d - 2 poisoned darts (gained 1)
d - 3 poisoned darts (gained 1)
d - 4 poisoned darts (gained 1)
d - 5 poisoned darts (gained 1)
d - 6 poisoned darts (gained 1)
Things that are here:
a +0 dagger; a kobold corpse
d - 7 poisoned darts (gained 1)
d - 9 poisoned darts (gained 2)
You start resting.
HP restored.
Terence the Incautious comes into view.
He is wielding a +0 flail and carrying a wand of quicksilver (7).
Terence shouts!
Terence shouts, "ATTACK!!!"
Terence zaps a wand.
The bolt of dispelling energy misses you.
Throw: 9 darts (poison)
Press: ? - help, Q - select action, (/) - cycle Shift-Dir - straight line, f - Terence
Aim: Terence, wielding a +0 flail, wearing a +0 ring mail and carrying a wand of quicksilver (6) (64% to hit)
You throw a poisoned dart. The poisoned dart hits Terence.
Terence zaps a wand.
The bolt of dispelling energy hits you!
Ouch! That really hurt!
You die...

#.###.####.###.#.......#
#.###.####.....#.......#
#..........####........#
####.##................#
#.##.......#......###
#######.##.......#......#
#.......##...............
#.####..##.......##.....#.
#.####..##....@..@r.....#
#.##....##.......####.###
#.##.#.###########
#.##.#.## #.......#
#<##.##[##
#.##.....#######.
#.#####..........
#.#####..########


You could see Terence and a quokka.

Vanquished Creatures
  A worm (D:2)
  4 bats (D:1)
  A giant cockroach (D:2)
  A hobgoblin (D:1)
  3 kobolds
  A quokka (D:1)
  3 ball pythons (D:1)
  4 rats (D:1)
18 creatures vanquished.

Notes
Turn   | Place    | Note
-------+----------+-------------------------------------------
     0 | D:1      | styxcanada the Spriggan Brigand began the quest for the
                  | Orb.
     0 | D:1      | Reached XP level 1. HP: 10/10 MP: 2/2
    29 | D:1      | Reached skill level 6 in Stealth
   116 | D:1      | Found a faded altar of an unknown god.
   448 | D:1      | Reached XP level 2. HP: 14/14 MP: 3/3
   515 | D:1      | You fall into a shaft and drop 1 floor!
  1030 | D:2      | Noticed Terence
  1039 | D:2      | Killed from afar by Terence

Illustrated notes

Levels and vault maps discovered:
D:1:      zelgadis_glass_arrival_small, layout_basic,
          dreamdust_ecumenical_altar_grove
D:2:      layout_loops_cross, minmay_tromino_v4_a, uniq_terence

Skill      XL: |  1 |
---------------+----+-----
Stealth        | 6 |  6.7
Fighting       | |  1.6
Short Blades   | |  2.2
Throwing       | |  2.0
Dodging        | |  1.8
Shields        | |  0.3

Action                   || total
-------------------------++-------
Melee: Dagger            ||    45
Throw: Dart              ||     9
 Stab: Sleeping          ||     7
Armor: Robe              ||     4
Dodge: Dodged            ||    17
Block: Buckler           ||    12
